 Dungeon Crawl Stone Soup version 0.18.1-8-gdd0e5ea (webtiles) character file.

755 stigmas the Sneak (level 7, -1/51 HPs)
             Began as a Vampire Skald on June 2, 2016.
             Was an Initiate of Dithmenos.
             Slain by an orc warrior
             ... wielding a +0 halberd
              (19 damage)
             ... on level 6 of the Dungeon.
             The game lasted 00:14:47 (6173 turns).

stigmas the Sneak (Vampire Skald)                   Turns: 6173, Time: 00:14:48

Health: -1/51      AC:  5    Str: 13    XL:     7   Next: 49%
Magic:  11/11      EV: 14    Int: 17    God:    Dithmenos [......]
Gold:   211        SH:  0    Dex: 13    Spells: 2 memorised, 8 levels left

rFire  . . .     SeeInvis +     x - +1 dagger (venom)
rCold  + . .     Gourm    .     s - +1 robe {Archmagi}
rNeg   + + .     Faith    .     (no shield)
rPois  +         Spirit   .     f - +0 hat
rElec  .         Dismiss  .     A - +0 cloak
rCorr  .         Reflect  .     i - +0 pair of gloves
SustAt .         Harm     .     (no boots)
MR     +....                    (no amulet)
Stlth  ++++......               n - +2 ring of strength
                                j - ring of protection from magic (curse)

@: regenerating slowly, somewhat resistant to hostile enchantments, stealthy
A: fangs 3, see invisible, unbreathing
a: Bat Form, Renounce Religion


You were on level 6 of the Dungeon.
You worshipped Dithmenos.
Dithmenos was noncommittal.
You were thirsty.

You visited 2 branches of the dungeon, and saw 7 of its levels.

You collected 333 gold pieces.
You spent 122 gold pieces at shops.

Inventory:

Hand Weapons
 a - a +0 short sword
 b - a +2 rapier of speed
 x - a +1 dagger of venom (weapon)
Armour
 f - a +0 hat (worn)
 i - a +0 pair of gloves (worn)
 s - a +1 robe of the Archmagi (worn)
 A - a +0 cloak (worn)
Jewellery
 h - an uncursed ring of fire
 j - a cursed ring of protection from magic (left hand)
 n - a +2 ring of strength (right hand)
 q - an uncursed ring of positive energy
Scrolls
 k - 2 scrolls of fog {unknown}
 m - 8 scrolls of teleportation
 o - 2 scrolls of immolation {unknown}
 p - a scroll of magic mapping {unknown}
 t - 2 scrolls of enchant weapon {unknown}
 v - 2 scrolls of remove curse
 w - 2 scrolls of amnesia {unknown}
 y - a scroll of enchant armour {unknown}
Potions
 d - 2 potions of flight
 e - 3 potions of curing
 l - a potion of haste
 r - a potion of cancellation {unknown}
 u - a potion of heal wounds {unknown}
 z - a potion of ambrosia {unknown}
Books
 c - a book of Battle

   Spells                             Type                      Level
   a - Infusion                       Charms                       1
   b - Shroud of Golubria             Charms/Translocation         2
   c - Song of Slaying                Charms                       2
   d - Spectral Weapon                Hexes/Charms                 3
   e - Regeneration                   Charms/Necromancy            3


   Skills:
 + Level 2.4 Fighting
 + Level 2.9 Short Blades
 + Level 2.4 Armour
 + Level 4.3 Dodging
 * Level 5.9 Stealth
 * Level 3.3 Spellcasting
 * Level 5.2 Charms


You had 8 spell levels left.
You knew the following spells:

 Your Spells              Type           Power        Failure   Level  Hunger
a - Infusion              Chrm           ####         1%          1    None
b - Regeneration          Chrm/Necr      ###.......   21%         3    ###....


Dungeon Overview and Level Annotations

Branches:
Dungeon (6/15)             Temple (1/1) D:4

Altars:
Ashenzari
Cheibriados
Dithmenos
Elyvilon
Fedhas
Gozag
Kikubaaqudgha
Nemelex Xobeh
Okawaru
Pakellas
Ru
Sif Muna
Trog
Vehumet
Yredelemnul

Shops:
D:4 [   D:5 *


Innate Abilities, Weirdness & Mutations

You heal slowly.
You have razor-sharp teeth.
You have supernaturally acute eyesight.
You can survive without breathing.


Message History

Drop what? 27/52 slots (_ for help) (? for menu, Esc to quit)
You drop a +0 leather armour.
You drop a +0 cloak.
e - 3 potions of curing (gained 1)
Found a glowing rapier.
You see here a glowing rapier.
You open the door.
There is an open door here.
k - 2 scrolls labeled QIOM CINORCHUT (gained 1)
An orc and an orc warrior come into view.
There is an open door here.
You see here a glowing rapier.
b - a glowing rapier The orc warrior hits you with a halberd!
The orc warrior hits you with a halberd!
You barely miss the orc warrior. You barely miss the orc warrior.
The orc warrior hits you with a halberd!
The orc warrior hits you from afar with a halberd!!
You die...

#.....#####
#.....+...#
#.....#...#
#.....#...#
#######.....#...#
............#...#
............#...#
............o...#
............#.@.#
##.....###+##...#
+.....#........#
#...o.#........#
#.....#........#
#.oo..#........#
.......+........#
.......#........#
#........#


You could see an orc warrior.

Vanquished Creatures
  Eustachio (D:5)
  A centaur (D:4)
  A scorpion (D:6)
  The ghost of fulminata the Sneak, a weakling DsAs (D:3)
  3 orc wizards (D:4)
  An orc priest (D:4)
  A hound (D:6)
  Ijyb (D:2)
  3 worker ants (D:4)
  13 adders
  A shadow imp (D:5)
  2 worms
  2 dart slugs
  3 giant geckos (D:2)
  6 orcs
  5 giant cockroaches
  6 goblins
  A hobgoblin (D:3)
  16 jackals
  3 kobolds (D:3)
  3 quokkas
  8 bats
  A giant gecko skeleton (D:4)
  4 giant newts
  4 rats
91 creatures vanquished.

Notes
Turn   | Place    | Note
--------------------------------------------------------------
     0 | D:1      | stigmas the Vampire Skald began the quest for the Orb.
     0 | D:1      | Reached XP level 1. HP: 16/16 MP: 3/3
   227 | D:1      | Reached XP level 2. HP: 17/22 MP: 5/5
   568 | D:2      | Found a sparkling altar of Nemelex Xobeh.
   636 | D:2      | Reached skill level 1 in Armour
   662 | D:2      | Reached XP level 3. HP: 27/27 MP: 6/6
   693 | D:2      | Reached skill level 1 in Stealth
   782 | D:2      | Learned a level 3 spell: Regeneration
  1371 | D:2      | Noticed Ijyb
  1407 | D:2      | Killed Ijyb
  1407 | D:2      | Reached XP level 4. HP: 21/33 MP: 7/7
  2087 | D:2      | Found a blossoming altar of Fedhas.
  2403 | D:3      | Noticed fulminata's ghost (weakling DsAs)
  2616 | D:3      | Reached XP level 5. HP: 33/38 MP: 8/8
  2995 | D:3      | Killed fulminata's ghost
  3364 | D:3      | Found a snail-covered altar of Cheibriados.
  3806 | D:4      | Reached XP level 6. HP: 44/44 MP: 9/9
  4004 | D:4      | Found a staircase to the Ecumenical Temple.
  4027 | Temple   | Entered the Ecumenical Temple
  4273 | D:4      | Found a blossoming altar of Fedhas.
  4832 | D:4      | Found a shadowy altar of Dithmenos.
  4843 | D:4      | Became a worshipper of Dithmenos the Shadowed
  4882 | D:4      | Reached skill level 5 in Stealth
  5250 | D:4      | Reached XP level 7. HP: 44/50 MP: 11/11
  5256 | D:4      | Found Yxaph's Antique Armour Shop.
  5283 | D:4      | Bought a hat for 104 gold pieces
  5283 | D:4      | Bought a runed robe for 18 gold pieces
  5596 | D:5      | Entered Level 5 of the Dungeon
  5619 | D:5      | Found a bloodstained altar of Trog.
  5645 | D:5      | Noticed Eustachio
  5663 | D:5      | Killed Eustachio
  5663 | D:5      | Reached skill level 5 in Charms
  5703 | D:5      | Found Ohaipime's Assorted Antiques.
  5720 | D:5      | Found an oddly glowing altar of Pakellas.
  5911 | D:5      | Found a white marble altar of Elyvilon.
  5911 | D:5      | Found an ancient bone altar of Kikubaaqudgha.
  6173 | D:6      | Slain by an orc warrior

Skill      XL: |  1  2  3  4  5  6  7 |
---------------+----------------------+-----
Armour         | 1 2 |  2.4
Charms         | 4 5 |  5.2
Stealth        | 2 3 4 5 |  5.9
Fighting       | 2 |  2.4
Dodging        | 2 3 4 |  4.3
Spellcasting   | 3 |  3.3
Short Blades   | |  2.9

Action                   |  1- 3 |  4- 6 |  7- 9 || total
-------------------------+-------+-------+-------++-------
Melee: Short sword       |    22 |       |       ||    22
       Dagger            |   119 |   289 |    51 ||   459
       Bite              |    12 |    27 |     3 ||    42
 Cast: Infusion          |     2 |     1 |       ||     3
  Use: Scroll            |     1 |     7 |       ||     8
 Stab: Sleeping          |     1 |     7 |     2 ||    10
  Eat: Corpse            |     2 |    11 |     1 ||    14
Armor: Leather armour    |    47 |    86 |     4 ||   137
       Robe              |       |       |     4 ||     4
Dodge: Dodged            |    77 |   176 |    42 ||   295
